AoeStats
← aEdward

Arabia

509872637Analyzed
1v1 RM · 4d ago on Sep 28, 2026· 64m 42s· 2 players
Game mode
Random Map
Map size
Tiny (2 player)
Population
200
Speed
Normal
Resources
Standard
Victory
Conquest
Starting age
Dark Age
Ending age
Imperial Age
RankedLock teamsTeams togetherTeam positionsShared explorationLock speedFull tech treeHidden civsTurbo modeCheats
Victory
Defeat
🇩🇪 Malians · Germany
604
+31
🇺🇾 Slavs · Uruguay
616
-17
aEdward
5:54 Loom
10:53 Feudal Age
11:13 Man-at-Arms
13:24 Arson
15:28 Forging
16:25 Scale Mail Armor
21:09 Fletching
24:08 Double-Bit Axe
25:30 Horse Collar
30:29 Castle Age
30:56 Gold Mining
30:34 Elite Skirmisher
30:52 Long Swordsman
34:27 Iron Casting
36:37 Bodkin Arrow
37:43 Pikeman
38:48 Husbandry
38:18 Crossbowman
39:45 Padded Archer Armor
41:55 Bow Saw
49:57 Stone Mining
62:55 Imperial Age
URUGUAYO 90
10:03 Feudal Age
9:06 Loom
10:38 Double-Bit Axe
11:21 Horse Collar
15:25 Man-at-Arms
28:49 Castle Age
28:27 Gold Mining
29:06 Stone Mining
33:02 Bow Saw
39:43 Gold Shaft Mining
40:32 Husbandry
39:59 Long Swordsman
40:53 Heavy Plow
46:33 Imperial Age
47:55 Cavalier
48:06 Two-Handed Swordsman
50:22 Capped Ram
51:38 Elite Skirmisher
Connection lost

Rejoining the realm…

Still unreachable

The connection could not be restored.

Session expired

The server has moved on; the page needs a fresh start.